Map: Automaton LE

Players

Rail

  • Race: Protoss Protoss
  • League: Grandmaster
  • Spawn Location: 3:00

Harstem - Winner!

  • Race: Protoss Protoss
  • League: Grandmaster
  • Spawn Location: 9:00

Event: 2019 WCS Winter Europe

VOD

Have the link to the VOD?

Description

Time

  • Played on: Feb. 17, 2019, 12:09 p.m.
  • Length: 10:16

All games in this series

Show
View Real Time Build Order
Export as new Build Order

Rail Protoss 

Build Orders: Oracle Opening, Blink Stalkers 

Get SALT Encoding   

  12  0:00  Probe  
  13  0:12  Probe  
  14  0:18  Pylon  
  14  0:24  Probe  
  15  0:32  Probe  
  15  0:38  Gateway  
  15  0:40  Probe  
  16  0:47  Assimilator  
  17  0:51  Probe  
  17  0:56  Assimilator  
  18  0:59  Probe  
  19  1:08  Probe  
  19  1:09  Gateway  
  20  1:19  Probe  
  21  1:26  Cybernetics Core  
  21  1:31  Probe  
  22  1:36  Pylon  
  22  1:43  Probe  
  23  1:56  Probe  
  24  2:03  Stargate, Adept  
  24  2:07  Adept  
  28  2:14  Pylon  
  28  2:19  Warp Gate  
  28  2:36  Oracle  
  31  2:53  Nexus  
  31  3:01  Stalker  
  33  3:25  Twilight Council  
  33  3:40  Gateway  
  33  3:41  Probe  
  31  3:53  Probe  
  30  3:55  Blink  
  28  4:05  Probe  
  28  4:07  Stalker x2  
  28  4:09  Dark Shrine  
  33  4:10  Shield Battery  
  33  4:15  Probe  
  34  4:23  Probe  
  35  4:28  Stalker  
  37  4:31  Stalker  
  37  4:33  Probe  
  37  4:35  Probe  
  41  4:41  Stalker  
  43  4:48  Probe  
  43  4:51  Stalker  
  46  4:55  Pylon  
  46  4:59  Probe  
  46  5:02  Probe  
  45  5:08  Stalker  
  45  5:12  Stalker  
  49  5:16  Stalker  
  51  5:21  Pylon  
  51  5:23  Probe  
  51  5:27  Probe  
  53  5:33  Stalker  
  55  5:38  Stalker  
  57  5:43  Pylon  
  57  5:44  Stalker  
  57  6:01  Stalker x2  
  54  6:10  Gateway  
  51  6:11  Probe  
  51  6:17  Stalker, Probe  
  52  6:23  Probe  
  47  6:29  Stalker x2  
  47  6:30  Probe  
  50  6:41  Stalker  
  50  6:49  Stalker  
  50  6:52  Stalker  
  54  6:58  Stalker  
  56  7:08  Stalker x2  
  48  7:16  Probe x2  
  48  7:25  Stalker x2  
  48  7:28  Probe x2  
  54  7:30  Zealot  
  54  7:32  Zealot  
  58  7:44  Adept x2  
  62  7:47  Gateway  
  62  7:50  Zealot  
  62  7:53  Sentry  
  62  7:57  Pylon  
  64  8:01  Adept  
  64  8:05  Gateway  
  66  8:08  Adept  
  66  8:12  Adept  
  70  8:17  Pylon  
  70  8:20  Adept  
  70  8:24  Adept  
  74  8:29  Adept  
  74  8:33  Stalker  
  78  8:40  Adept x2  
  82  8:43  Adept  
  82  8:46  Adept  
  84  8:59  Adept  
  84  9:00  Zealot, Adept  
  84  9:01  Zealot  
  84  9:07  Stalker  
  76  9:13  Adept  
  68  9:23  Zealot x2, Adept  
  66  9:28  Adept  
  66  9:31  Zealot  
  66  9:34  Stalker  
  70  9:40  Zealot  
  70  9:44  Stalker  
  74  9:49  Stalker  
  76  9:55  Stalker  
  76  9:56  Zealot  
  76  10:06  Stalker, Zealot  
Show
View Real Time Build Order
Export as new Build Order

Harstem Protoss - Winner!

Build Orders: Phoenix Opening 

Get SALT Encoding   

  12  0:00  Probe  
  13  0:12  Probe  
  14  0:18  Pylon  
  14  0:24  Probe  
  15  0:32  Probe  
  15  0:39  Gateway  
  15  0:40  Probe  
  17  0:51  Probe  
  17  0:54  Assimilator  
  17  0:56  Assimilator  
  18  0:59  Probe  
  19  1:07  Probe  
  20  1:15  Gateway  
  20  1:17  Probe  
  21  1:26  Cybernetics Core  
  21  1:29  Probe  
  22  1:36  Pylon  
  22  1:41  Probe  
  23  1:54  Probe  
  24  2:02  Stalker  
  24  2:03  Sentry, Warp Gate  
  28  2:10  Pylon  
  28  2:29  Stargate  
  28  2:37  Probe  
  28  2:39  Stalker  
  31  2:57  Probe  
  32  3:07  Phoenix, Shield Battery  
  32  3:10  Shield Battery  
  32  3:17  Probe  
  34  3:27  Phoenix  
  34  3:29  Probe  
  34  3:32  Nexus  
  34  3:47  Phoenix  
  33  3:51  Probe  
  35  4:03  Probe  
  36  4:11  Pylon  
  36  4:12  Probe  
  39  4:20  Probe  
  38  4:26  Robotics Facility  
  38  4:31  Probe  
  39  4:43  Probe  
  41  4:45  Probe  
  41  4:47  Shield Battery  
  41  4:48  Sentry  
  41  4:49  Oracle  
  43  4:55  Probe  
  43  4:57  Probe  
  48  5:07  Probe  
  48  5:11  Observer  
  50  5:19  Probe  
  52  5:23  Immortal  
  52  5:26  Shield Battery  
  50  5:29  Zealot  
  50  5:32  Zealot  
  58  5:36  Probe x2  
  60  5:43  Pylon  
  60  5:51  Zealot  
  60  5:52  Shield Battery  
  60  5:55  Immortal  
  62  6:09  Stalker  
  53  6:18  Zealot  
  50  6:29  Shield Battery  
  51  6:33  Stalker, Immortal  
  51  6:44  Probe  
  51  6:46  Sentry  
  58  6:50  Probe  
  59  6:57  Probe  
  59  6:59  Zealot  
  62  7:07  Immortal  
  60  7:08  Probe  
  60  7:09  Probe  
  62  7:18  Stalker  
  60  7:28  Shield Battery  
  60  7:30  Sentry  
  60  7:31  Probe  
  60  7:32  Probe  
  64  7:42  Immortal  
  64  7:43  Zealot  
  66  7:49  Pylon  
  70  8:03  Pylon  
  70  8:05  Gateway  
  70  8:07  Probe  
  70  8:11  Zealot x2  
  75  8:13  Probe  
  76  8:21  Twilight Council  
  76  8:25  Assimilator  
  76  8:27  Immortal  
  76  8:30  Shield Battery x2  
  80  8:44  Sentry  
  80  8:45  Pylon  
  80  8:46  Zealot  
  80  9:03  Zealot  
  80  9:06  Immortal  
  76  9:10  Probe  
  76  9:13  Zealot x2  
  77  9:22  Probe  
  73  9:25  Assimilator  
  73  9:27  Oracle  
  73  9:28  Zealot  
  73  9:29  Shield Battery  
  73  9:30  Assimilator  
  72  9:35  Zealot x2  
  79  9:44  Shield Battery  
  79  9:47  Shield Battery  
  79  9:49  Shield Battery  
  79  9:50  Probe  
  80  9:55  Zealot  
  80  9:59  Zealot  
  80  10:01  Sentry  
Tags
 
Add a new tag
Caveats
  • Supply blocks, unpowered buildings, or Contaminate may cause inaccurate times.
  • Supply counts are checked every 10 seconds.